 Dungeon Crawl Stone Soup version 0.32-a0-814-g0968bab981 (webtiles) character file.

Game seed: 8270317663406528879

114 Kenran the Ruffian (level 4, -3/33 HPs)
             Began as a Minotaur Ice Elementalist on Mar 22, 2024.
             Succumbed to a scorpion's poison
             ... on level 3 of the Dungeon.
             The game lasted 00:03:52 (2480 turns).

Kenran the Ruffian (Minotaur Ice Elementalist)      Turns: 2480, Time: 00:03:53

Health: -3/33      AC: 10    Str: 12 (14) XL:     4   Next: 67%
Magic:  5/5        EV:  0    Int: 10 (12) God:
Gold:   115        SH:  6    Dex:  8 (11) Spells: 4/5 levels left

rFire   . .          .
                       - Unarmed
rCold   . . .        j - +0 kite shield
rNeg    . . .        f - +0 plate armour
rPois   .            (helmet restricted)
rElec   .            (no cloak)
rCorr   .            (no gloves)
SInv    .            (no boots)
Will    .....        (no amulet) Stlth
                     (no ring)
HPRegen 0.25/turn    (no ring)
MPRegen 0.09/turn

%: no passive effects
@: lethally poisoned (-3 -> -31)
A: horns 2, retaliatory headbutt
a: no special abilities


You were on level 3 of the Dungeon.
You visited 1 branch of the dungeon, and saw 3 of its levels.

You collected 115 gold pieces.

Inventory:

Missiles
 g - 8 curare-tipped darts
Armour
 f - a +0 plate armour (worn)
 j - a +0 kite shield (worn)
Scrolls
 c - 3 scrolls of enchant weapon {unknown}
 d - 2 scrolls of fog {unknown}
 e - 3 scrolls of identify {unknown}
 l - a scroll of amnesia {unknown}
Potions
 a - a potion of brilliance {unknown}
 b - a potion of magic
 h - a potion of degeneration {!q}
 i - 2 potions of curing {unknown}
 k - 2 potions of heal wounds {unknown}


   Skills:
 - Level 2.1 Dodging
 - Level 1.5 Stealth
 + Level 4.8 Unarmed Combat
 - Level 1.3 Spellcasting
 - Level 2.9 Ice Magic


You had 4 spell levels left.
You knew the following spells:

 Your Spells              Type           Power      Damage    Failure   Level
a - Freeze                Ice            24%        1d4       100%        1

Your spell library contained the following spells:

 Spells                   Type           Power      Damage    Failure   Level
 Magic Dart               Conj           0%         1d3       100%        1
 Searing Ray              Conj           0%         2d4       100%        2
 Frozen Ramparts          Ice            12%        1d2       100%        3
 Ozocubu's Armour         Ice            6%         N/A       100%        3
 Summon Ice Beast         Ice/Summ       3%         N/A       100%        3
 Fulminant Prism          Conj/Alch      0%         3d5       100%        4


Dungeon Overview and Level Annotations

Branches:
Dungeon (3/15)

Altars:
Zin

Shops:
D:3 *


Innate Abilities, Weirdness & Mutations

You have a pair of horns on your head.
You reflexively headbutt those who attack you in melee.


Message History

Press: ? - help, Shift-Dir - straight line, f - scorpion
Aim: a scorpion (50% to hit)
You throw a curare-tipped dart.
The curare-tipped dart barely misses the scorpion.
The scorpion stings you.
You are poisoned.
The scorpion poisons you!
Throw: 10 darts (curare)
Press: ? - help, Shift-Dir - straight line, f/p - scorpion
Aim: a scorpion (50% to hit)
You throw a curare-tipped dart.
The curare-tipped dart closely misses the scorpion.
You feel very sick. The scorpion stings you.
You are more poisoned.
The scorpion poisons you!
Throw: 9 darts (curare)
Press: ? - help, Shift-Dir - straight line, f/p - scorpion
Aim: a scorpion (50% to hit)
You throw a curare-tipped dart.
The curare-tipped dart hits the scorpion.
The scorpion is poisoned.
The scorpion struggles to breathe.
The scorpion seems to slow down.
The scorpion is moderately wounded.
You feel very sick. The scorpion stings you.
You are lethally poisoned!
The scorpion poisons you!
You closely miss the scorpion. Your headbutt misses the scorpion.
The scorpion is moderately wounded.
* * * LOW HITPOINT WARNING * * *
You feel extremely sick. The scorpion stings you.
* * * LOW HITPOINT WARNING * * *
You are more poisoned.
The scorpion poisons you!
It was a potion of degeneration.
There was something very wrong with that liquid.
You feel weakened.
You feel dopey.
You feel clumsy.
You die...

.#.######.####.#. #.# #.#
.#............... #.# #.###
...#.####.####.#. #.#####.#.###
.#...........# #.##.........
....#)....##.# #.#.......###
.#..#.######.# #.#.###.#>#
.#...........# #†#.#.....#
.##.#.###############.#.#.#...#
....#.# .?......@s...(#.#.....#
.####.#
.###########..#.#.....###
.#..#.# #..#.#........ .#..#.#
#..#.####.#### <#..#.#
#..#......# ....#.# #s#########
.#.##.## ########.........
.#.....# .........########
.####### ................


You could see a scorpion (very poisoned, slow).

Vanquished Creatures
  4 adders (D:2)
  A ribbon worm (D:2)
  4 orcs
  7 endoplasms
  2 giant cockroaches (D:1)
  6 hobgoblins
  4 jackals
  5 quokkas
  10 ball pythons
  3 bats
  8 frilled lizards
  7 goblins
  4 kobolds (D:2)
  2 rats
67 creatures vanquished.

Notes
Turn   | Place    | Note
-------+----------+-------------------------------------------
     0 | D:1      | Kenran the Minotaur Ice Elementalist began the quest for
                  | the Orb.
     0 | D:1      | Reached XP level 1. HP: 14/14 MP: 1/1
   138 | D:1      | Reached skill level 1 in Unarmed Combat
   171 | D:1      | Reached XP level 2. HP: 16/20 MP: 3/3
   351 | D:1      | Reached skill level 2 in Unarmed Combat
   983 | D:2      | Found a faded altar of an unknown god.
  1003 | D:2      | Reached skill level 3 in Unarmed Combat
  1003 | D:2      | Reached XP level 3. HP: 10/26 MP: 4/4
  1316 | D:2      | Reached skill level 4 in Unarmed Combat
  1462 | D:2      | Reached XP level 4. HP: 24/33 MP: 5/5
  2112 | D:3      | Found Zin's Purification Station.
  2115 | D:3      | Found a glowing silver altar of Zin.
  2463 | D:3      | Noticed a scorpion
  2480 | D:3      | Succumbed to a scorpion's poison

Illustrated notes

Levels and vault maps discovered:
D:1:      dpeg_arrival_shrine, layout_basic
D:2:      wad_river_or_something, layout_loops_ring,
          ebering_ecumenical_altar_box, serial_bayou_lagoon_a,
          guppyfry_early_orc_mine
D:3:      layout_basic, zin_purify, minivault_4

Skill      XL: |  1  2  3 |
---------------+----------+-----
Unarmed Combat | 1 3 4 |  4.8
Dodging        | |  2.1
Stealth        | |  1.5
Spellcasting   | |  1.3
Ice Magic      | |  2.9

Action                     |  1- 3 |  4- 6 || total
---------------------------+-------+-------++-------
  Melee: Unarmed           |   103 |    74 ||   177
         Headbutt          |     7 |    10 ||    17
         Punch             |     1 |       ||     1
  Throw: Dart              |       |     3 ||     3
    Use: Potion            |       |     1 ||     1
   Stab: Sleeping          |     1 |       ||     1
 Armour: Robe              |    35 |       ||    35
         Plate armour      |    45 |    55 ||   100
  Dodge: Dodged            |    51 |       ||    51
  Block: Kite shield       |       |    29 ||    29

Table legend: (Time is in decaauts)
 A = Elapsed time spent in this place.
 B = Non-inter-level travel time spent in this place.
 C = Inter-level travel time spent in this place.
 D = Time resting spent in this place.
 E = Time spent auto-exploring this place.
 F = Levels seen in this place.
 G = Mean time per level.
                   A        B        C        D        E       F      G
               +--------+--------+--------+--------+--------+-----+--------+
         Total |   2495 |   2417 |     78 |    306 |   1563 |   3 |  831.7 |
       Dungeon |   2495 |   2417 |     78 |    306 |   1563 |   3 |  831.7 |
               +--------+--------+--------+--------+--------+-----+--------+

Top non-repeatable levels by time:
     D:2: 1060 daAuts
     D:1: 1041 daAuts
     D:3: 393 daAuts
